 Dungeon Crawl Stone Soup version 0.31-a0-1370-gf52a5a9ab3 (webtiles) character file.

Game seed: 9967666108076695490

118 croobank the Firebug (level 4, -8/35 HPs)
             Began as a Demigod Fire Elementalist on Dec 23, 2023.
             Killed by divine providence
             ... invoked by an orc priest
              (9 damage)
             ... on level 3 of the Dungeon.
             The game lasted 00:08:08 (3072 turns).

croobank the Firebug (Demigod Fire Elementalist)    Turns: 3072, Time: 00:08:09

Health: -8/35      AC:  3    Str: 13    XL:     4   Next: 45%
Magic:  0/10       EV: 12    Int: 20    God:
Gold:   104        SH:  0    Dex: 13    Spells: 4/7 levels left

rFire   . . .        b - +1 short sword (drain)
rCold   . . .        (no shield)
rNeg    . . .        g - +0 leather armour
rPois   .            (helmet currently unavailable)
rElec   .            (cloak currently unavailable)
rCorr   .            (gloves currently unavailable)
SInv    .            (boots currently unavailable)
Will    .....        (no amulet)
Stlth   ++           (no ring)
HPRegen 0.25/turn    (no ring)
MPRegen 0.12/turn

%: no passive effects
@: beast-form, attractive
A: beast (slay +0), high MP 1, forlorn, divine attributes, strong 1
a: Begin Untransformation


You were on level 3 of the Dungeon.
You were a hulking beast.
You visited 1 branch of the dungeon, and saw 3 of its levels.

You collected 104 gold pieces.

Inventory:

Hand Weapons
 b - a +1 short sword of draining (weapon)
 e - a +0 whip
 l - a +0 dagger
 m - a +0 short sword
Armour
 f - a +0 ring mail
 g - a +0 leather armour (worn)
Scrolls
 a - a scroll of torment
 c - a scroll of identify
Potions
 h - a potion of attraction


   Skills:
 + Level 1.2 Fighting
 * Level 1.6 Armour
 + Level 2.3 Dodging
 + Level 2.3 Stealth
 + Level 2.2 Spellcasting
 + Level 1.6 Conjurations
 + Level 3.0 Fire Magic


You had 4 spell levels left.
You knew the following spells:

 Your Spells              Type           Power      Damage    Failure   Level
a - Foxfire               Conj/Fire      44%        2x1d6     8%          1
b - Scorch                Fire           28%        2d6       9%          2

Your spell library contained the following spells:

 Spells                   Type           Power      Damage    Failure   Level
 Call Imp                 Summ           4%         N/A       30%         2
 Sublimation of Blood     Necr           2%         N/A       30%         2
 Inner Flame              Hex/Fire       8%         N/A       32%         3
 Volatile Blastmotes      Fire/Tloc      16%        2d11      32%         3
 Flame Wave               Conj/Fire      11%        2d6       58%         4
 Summon Hydra             Summ           1%         N/A       100%        7


Dungeon Overview and Level Annotations

Branches:
Dungeon (3/15)

Shops:
D:2 [

Annotations:
D:3 Terence


Innate Abilities, Weirdness & Mutations

You are a hulking beast.
Your limbs bulge with bestial killing power. (Slay +0)
You have an increased reservoir of magic. (+10% MP)
You shall have no god before yourself.
Your divine heritage dramatically boosts your attributes as you level up.
Your muscles are strong. (Str +4, Int/Dex -1)


Message History

You hit Terence but do no damage. You drain Terence.
Terence is heavily wounded.
Terence closely misses you.
You barely miss Terence.
Terence is heavily wounded.
An orc priest comes into view. It is wielding a +0 falchion.
Terence says, "You're history."
Terence hits you but does no damage. The orc priest is attracted toward you.
You barely miss Terence.
Terence is heavily wounded.
The orc priest shouts!
Terence closely misses you.
You hit Terence.
Terence is severely wounded.
Terence hits you with a +0 morningstar!
You hit Terence but do no damage.
Terence is severely wounded.
Terence hits you with a +0 morningstar!
* * * LOW HITPOINT WARNING * * *
Casting: Foxfire (safe; 8% risk of failure)
Confirm with . or Enter, or press ? or * to list all spells.
Flames lash the orc priest.
The orc priest is lightly wounded.
The orc priest's fire resistance burns away.
Terence misses you.
Okay, then.
As you read the scroll labelled UMNYEHEJOPA, it crumbles to dust.
It is a scroll of enchant weapon.
Your +0 short sword of draining glows red for a moment.
Terence hits you with a +0 morningstar!
* * * LOW HITPOINT WARNING * * *
You hit Terence.
Terence is severely wounded.
The orc priest is no longer more vulnerable to fire.
Terence closely misses you.
You closely miss Terence.
Terence is severely wounded.
The orc priest calls down the wrath of Beogh upon you.
Beogh smites you!
You die...

#.#
########...#.#
#.#
.............#
#.#
.#############
#.# # #.# .#
#.# ##.# #.#
o.. #.##@#
#..h.# ######


You could see Terence (very drained) and an orc priest.

Vanquished Creatures
  4 gnolls (D:2)
  2 adders
  A worm (D:2)
  2 dart slugs (D:1)
  2 orcs (D:3)
  7 endoplasms
  3 giant cockroaches (D:1)
  A goblin (D:2)
  7 hobgoblins
  A quokka (D:2)
  A ball python (D:3)
  7 bats
  4 frilled lizards
  9 kobolds
  3 rats
54 creatures vanquished.

Vanquished Creatures (others)
  119 foxfires
119 creatures vanquished.

Grand Total: 173 creatures vanquished

Notes
Turn   | Place    | Note
-------+----------+-------------------------------------------
     0 | D:1      | croobank the Demigod Fire Elementalist began the quest for
                  | the Orb.
     0 | D:1      | Reached XP level 1. HP: 14/14 MP: 5/5
    37 | D:1      | Reached skill level 1 in Conjurations
   465 | D:1      | Reached XP level 2. HP: 18/20 MP: 2/7
  1411 | D:2      | Found Hetwiske's Antique Armour Emporium.
  1497 | D:2      | Reached XP level 3. HP: 20/27 MP: 3/8
  1500 | D:2      | Learned a level 2 spell: Scorch
  1794 | D:2      | Reached skill level 1 in Armour
  2034 | D:2      | Gained mutation: Your muscles are strong. (Str +4, Int/Dex
                  | -1) [potion of mutation]
  2040 | D:2      | Reached skill level 1 in Fighting
  2040 | D:2      | Reached skill level 3 in Fire Magic
  2041 | D:2      | Reached XP level 4. HP: 6/35 MP: 2/9
  2044 | D:2      | Identified a scroll of acquirement
  2044 | D:2      | Acquired the +2 hat of the Bear Spirit {Spirit, Bear, *Rage
                  | Will++}
  2044 | D:2      | Found the +2 hat of the Bear Spirit {Spirit, Bear, *Rage
                  | Will++}
  3053 | D:3      | Noticed Terence
  3070 | D:3      | HP: 1/35 [Terence/+0 morningstar (8)]
  3072 | D:3      | Killed from afar by an orc priest

Illustrated notes

Levels and vault maps discovered:
D:1:      dpeg_arrival_tiny_b, layout_loops_ring, amcnicky_mini_pool_small
D:2:      layout_basic, serial_shops, nicolae_shop_trees, nrook_mini_vaults
D:3:      layout_basic, uniq_terence

Skill      XL: |  1  2  3 |
---------------+----------+-----
Conjurations   | 1 |  1.6
Stealth        | 2 |  2.3
Dodging        | 2 |  2.3
Spellcasting   | 2 |  2.2
Armour         | 1 |  1.6
Fighting       | 1 |  1.2
Fire Magic     | 3 |  3.0

Action                     |  1- 3 |  4- 6 || total
---------------------------+-------+-------++-------
  Melee: Whip              |    23 |       ||    23
         Short sword       |       |    17 ||    17
   Cast: Foxfire           |    68 |     9 ||    77
         Scorch            |    13 |    15 ||    28
    Use: Potion            |     4 |     1 ||     5
         Scroll            |       |     5 ||     5
 Armour: Robe              |     7 |       ||     7
         Leather armour    |    24 |     9 ||    33
         Skin              |    13 |    21 ||    34
  Dodge: Dodged            |    36 |    13 ||    49
   Form: Beast             |     1 |       ||     1

Table legend: (Time is in decaauts)
 A = Elapsed time spent in this place.
 B = Non-inter-level travel time spent in this place.
 C = Inter-level travel time spent in this place.
 D = Time resting spent in this place.
 E = Time spent auto-exploring this place.
 F = Levels seen in this place.
 G = Mean time per level.
                   A        B        C        D        E       F      G
               +--------+--------+--------+--------+--------+-----+--------+
         Total |   3073 |   3020 |     53 |    888 |   1671 |   3 | 1024.3 |
       Dungeon |   3073 |   3020 |     53 |    888 |   1671 |   3 | 1024.3 |
               +--------+--------+--------+--------+--------+-----+--------+

Top non-repeatable levels by time:
     D:1: 1718 daAuts
     D:2: 1167 daAuts
     D:3: 187 daAuts
